 Dungeon Crawl Stone Soup version 0.26.0-10-g1f06aea511 (webtiles) character file.

Game seed: 14993641492849552098

234 MisterFreud the Conjurer (level 5, 0/38 HPs)
             Began as a Draconian Fire Elementalist on Jan 16, 2021.
             Killed by divine providence
             ... invoked by an orc priest
              (16 damage)
             ... on level 4 of the Dungeon.
             The game lasted 00:03:42 (3367 turns).

MisterFreud the Conjurer (DrFE)                     Turns: 3367, Time: 00:03:43

Health: 0/38       AC:  7    Str: 11    XL:     5   Next: 75%
Magic:  5/8        EV: 12    Int: 16    God:
Gold:   144        SH:  0    Dex: 11    Spells: 7/8 levels left

rFire    . . .     SeeInvis .   x - +2 short sword (venom)
rCold    . . .     Faith    .   (no shield)
rNeg     . . .     Spirit   .   (armour unavailable)
rPois    .         Reflect  .   (helmet restricted)
rElec    .         Harm     .   h - +0 cloak
rCorr    .         Rampage  .   (no gloves)
Will     +....                  A - +0 pair of boots
Stlth    ++........             (no amulet)
HPRegen  0.12/turn              j - ring of willpower
MPRegen  0.11/turn              (no ring)

@: no status effects
A: unfitting armour, cold-blooded, AC +5
a: no special abilities


You were on level 4 of the Dungeon.
You visited 1 branch of the dungeon, and saw 4 of its levels.

You collected 144 gold pieces.

Inventory:

Hand Weapons
 i - a +0 dagger
 x - a +2 short sword of venom (weapon)
Missiles
 b - 31 poisoned darts
 s - 2 atropa-tipped darts
Armour
 h - a +0 cloak (worn)
 A - a +0 pair of boots (worn)
Jewellery
 j - a ring of willpower (left hand)
 v - an uncursed ring of fire {unknown}
 y - a +6 ring of dexterity {unknown}
Scrolls
 e - a scroll of blinking {unknown}
 f - a scroll of fog {unknown}
 g - a scroll of noise {unknown}
 p - a scroll of identify {unknown}
 q - 2 scrolls of teleportation {unknown}
 t - a scroll of fear {unknown}
 u - 3 scrolls of remove curse {unknown}
Potions
 a - 2 potions of lignification {unknown}
 c - 5 potions of curing {unknown}
 d - a potion of berserk rage {unknown}
 k - 3 potions of attraction {unknown}
 l - a potion of invisibility {unknown}
 m - a potion of haste {unknown}
 n - a potion of mutation {unknown}
 o - 2 potions of brilliance {unknown}
 r - a potion of might {unknown}
 w - a potion of heal wounds {unknown}
 z - a potion of cancellation {unknown}


   Skills:
 - Level 1.7 Dodging
 - Level 1.7 Stealth
 - Level 2.0 Spellcasting
 * Level 4.7 Conjurations
 + Level 4.4 Fire Magic


You had 7 spell levels left.
You knew the following spells:

 Your Spells              Type           Power        Failure   Level
a - Foxfire               Conj/Fire      64%          3%          1

Your spell library contained the following spells:

 Spells                   Type           Power        Failure   Level
 Conjure Flame            Conj/Fire      16%          10%         3
 Inner Flame              Hex/Fire       8%           26%         3
 Sticky Flame             Conj/Fire      16%          30%         4
 Fireball                 Conj/Fire      8%           65%         5


Dungeon Overview and Level Annotations

Branches:
Dungeon (4/15)
 Temple: D:4-7

Altars:


Innate Abilities, Weirdness & Mutations

Your plain brown scales are hard. (AC +5)
You cannot fit into any form of body armour.
You are cold-blooded and may be slowed by cold attacks.


Message History

The orc closely misses you.
You hit the orc.
The orc looks as sick as possible!
Your tail-slap misses the orc.
The orc is almost dead.
You kill the orc!
The orc hits you with a +0 whip.
Casting: Foxfire (safe; 3% risk of failure)
Confirm with . or Enter, or press ? or * to list all spells.
You conjure some foxfire!
The foxfire hits the orc.
The orc is moderately wounded.
You puncture the orc!
You kill the orc!
The foxfire hits the orc.
The orc is heavily wounded.
The orc priest calls upon Beogh to heal the orc.
The orc's wounds heal themselves!
The orc hits you but does no damage.
The orc priest calls down the wrath of Beogh upon you.
Beogh smites you!
You die...

.# #.#### #)# ..
#....###)#
#.#..#..#.[#
...#..†.)#
#.#(##o)#
#...##..#
##.####o.# .####
#..# #s.## ...#
##.#####@..#
#)#####......[...#
#......#.#####...#
###.#####.## #.###
....# ## #.# #.#.#
#.# #.#.# #.#
#.#)### #..
...)).#


You could see a scorpion, an orc priest and an orc.

Vanquished Creatures
  A centaur skeleton (D:4)
  An orc priest (D:4)
  An orc wizard (D:4)
  Natasha (thrice) (D:3)
  A worker ant (D:4)
  A leopard gecko (D:2)
  13 orcs
  3 giant cockroaches
  A goblin (D:2)
  3 hobgoblins
  6 kobolds
  2 frilled lizards
  5 rats
41 creatures vanquished.

Vanquished Creatures (others)
  99 foxfires
99 creatures vanquished.

Grand Total: 140 creatures vanquished

Notes
Turn   | Place    | Note
-------+----------+-------------------------------------------
     0 | D:1      | MisterFreud the Draconian Fire Elementalist began the quest
                  | for the Orb.
     0 | D:1      | Reached XP level 1. HP: 14/14 MP: 3/3
   821 | D:1      | Reached XP level 2. HP: 20/20 MP: 3/5
  2264 | D:3      | Noticed Natasha
  2269 | D:3      | Noticed a crimson imp
  2277 | D:3      | Killed Natasha
  2278 | D:3      | Reached XP level 3. HP: 9/26 MP: 2/6
  2594 | D:3      | Noticed Natasha
  2603 | D:3      | Killed Natasha
  2604 | D:3      | Reached XP level 4. HP: 18/33 MP: 4/7
  2792 | D:3      | Noticed Natasha
  2800 | D:3      | Killed Natasha
  3228 | D:4      | Reached XP level 5. HP: 37/38 MP: 5/8
  3367 | D:4      | Killed from afar by an orc priest

Illustrated notes

Levels and vault maps discovered:
D:1:      scummos_arrival_star, layout_basic, serial_park_tiny_2,
          patterned_corridor
D:2:      layout_basic
D:3:      layout_loops_ring, uniq_natasha
D:4:      layout_loops_ring, nicolae_overflow_hidden_temple,
          minmay_misc_feat_columns

Skill      XL: |  1  2  3  4 |
---------------+-------------+-----
Conjurations   | 2 3 4 |  4.7
Fire Magic     | 4 |  4.4
Dodging        | |  1.7
Stealth        | |  1.7
Spellcasting   | |  2.0

Action                   |  1- 3 |  4- 6 || total
-------------------------+-------+-------++-------
Melee: Dagger            |     9 |       ||     9
       Unarmed           |     3 |       ||     3
       Tailslap          |     3 |     2 ||     5
       Short sword       |     1 |    32 ||    33
 Cast: Foxfire           |    35 |    26 ||    61
Armor: Skin              |     7 |    10 ||    17
Dodge: Dodged            |    13 |    30 ||    43
